Map: Thunderbird LE

Players

pHARM - Winner!

  • Race: Zerg Zerg
  • League: Platinum
  • Spawn Location: 11:00

SpaceRonin

  • Race: Protoss Protoss
  • League: Platinum
  • Spawn Location: 5:00

VOD

Have the link to the VOD?

Description

Time

  • Played on: Aug. 8, 2019, 2:09 a.m.
  • Length: 17:32
Show
View Real Time Build Order
Export as new Build Order

pHARM Zerg - Winner!

Build Orders: Hatch First 

Get SALT Encoding   

  12  0:01  Drone  
  13  0:10  Drone  
  14  0:18  Overlord  
  14  0:26  Drone, Extractor  
  15  0:36  Drone  
  16  0:45  Drone  
  16  0:47  Drone  
  18  1:17  Drone  
  18  1:18  Drone x2  
  21  1:22  Hatchery  
  21  1:23  Extractor  
  19  1:30  Drone  
  20  1:34  Spawning Pool  
  19  1:42  Drone  
  20  1:52  Drone  
  21  2:02  Drone  
  22  2:26  Overlord  
  22  2:33  Queen  
  22  2:34  Queen  
  22  2:35  Drone  
  22  2:36  Drone  
  28  2:38  Overlord  
  28  3:01  Drone, Roach Warren  
  28  3:02  Drone x3  
  31  3:12  Hatchery  
  30  3:29  Drone  
  30  3:30  Drone x2  
  33  3:49  Roach  
  33  3:50  Roach x3  
  33  3:55  Overlord x2  
  41  4:21  Ravager x4  
  45  4:25  Extractor  
  44  4:35  Overlord x2  
  44  5:01  Drone x7  
  44  5:03  Lair  
  51  5:10  Extractor x2  
  51  5:13  Drone x7  
  56  5:25  Roach x2  
  60  5:35  Overlord x2  
  60  5:51  Overlord x2  
  60  5:52  Overlord  
  60  5:54  Ravager x2  
  62  6:25  Spire  
  61  6:40  Hatchery  
  61  6:44  Drone x5  
  61  6:45  Drone  
  66  6:56  Drone x4  
  66  6:59  Drone  
  66  7:00  Drone x5  
  76  7:12  Roach x4  
  75  7:21  Roach x2  
  61  7:50  Overlord  
  59  7:51  Mutalisk x2  
  59  7:57  Mutalisk  
  65  8:02  Spore Crawler  
  65  8:03  Spore Crawler  
  65  8:04  Spore Crawler  
  65  8:05  Spine Crawler  
  61  8:06  Spine Crawler  
  60  8:14  Mutalisk x4  
  60  8:15  Mutalisk x2  
  60  8:17  Zergling x4  
  74  8:25  Extractor  
  73  8:28  Zergling x2  
  73  8:29  Overlord x4, Extractor  
  73  8:47  Queen, Mutalisk x2  
  79  8:50  Metabolic Boost  
  79  9:10  Mutalisk x3  
  79  9:11  Zergling x10  
  77  9:39  Overlord x5  
  74  9:56  Queen x2  
  74  9:58  Mutalisk  
  74  9:59  Mutalisk x7  
  90  10:06  Hatchery  
  86  10:30  Mutalisk x4  
  86  10:32  Zergling x4  
  94  10:52  Mutalisk x2  
  94  10:53  Mutalisk  
  98  11:06  Mutalisk  
  98  11:08  Overlord x3  
  96  11:32  Mutalisk x4  
  98  11:38  Hatchery  
  103  11:50  Drone  
  103  11:51  Drone x6  
  102  12:18  Mutalisk x7  
  110  12:33  Zerg Flyer Armor Level 1  
  110  12:38  Drone x9  
  119  12:48  Mutalisk x2  
  119  12:49  Overlord  
  123  13:05  Drone x11  
  134  13:13  Mutalisk  
  134  13:14  Mutalisk x2  
  140  13:22  Infestation Pit  
  139  13:28  Hydralisk Den  
  139  13:30  Extractor  
  139  13:31  Extractor  
  139  13:34  Spine Crawler x2  
  135  13:35  Spore Crawler  
  135  13:38  Spine Crawler x2  
  131  13:48  Drone x5  
  134  13:49  Drone  
  134  13:50  Drone x6  
  143  14:01  Overlord x5  
  141  14:07  Overlord x3  
  137  14:39  Mutalisk x11  
  137  14:40  Mutalisk  
  155  14:57  Mutalisk  
  155  15:09  Zergling x14  
  162  15:14  Hive  
  162  15:16  Grooved Spines  
  162  15:39  Hatchery  
  161  15:43  Extractor  
  161  15:44  Extractor  
  136  16:27  Mutalisk x7  
  136  16:28  Mutalisk x11  
  170  16:43  Mutalisk x6  
Show
View Real Time Build Order
Export as new Build Order

SpaceRonin Protoss 

Build Orders:  

Get SALT Encoding   

  12  0:02  Probe  
  13  0:14  Probe  
  14  0:23  Pylon  
  14  0:25  Probe  
  15  0:37  Probe  
  16  0:44  Gateway  
  16  0:46  Probe  
  17  1:11  Pylon  
  17  1:19  Assimilator  
  17  1:28  Assimilator  
  17  1:30  Assimilator  
  17  1:32  Forge  
  17  1:33  Probe, Pylon  
  17  1:34  Cybernetics Core  
  18  1:41  Probe  
  19  1:51  Probe  
  20  2:00  Pylon  
  20  2:09  Probe  
  20  2:10  Photon Cannon  
  21  2:17  Probe  
  21  2:22  Photon Cannon  
  22  2:29  Probe  
  23  2:45  Photon Cannon  
  23  2:46  Photon Cannon  
  23  2:50  Pylon  
  23  3:03  Stalker  
  25  3:12  Gateway  
  25  3:13  Twilight Council  
  25  3:31  Gateway  
  25  3:35  Pylon  
  25  3:44  Probe  
  25  3:48  Stargate  
  26  3:52  Probe  
  26  3:55  Pylon  
  27  4:02  Warp Gate  
  27  4:07  Stalker  
  27  4:09  Blink  
  29  4:26  Stalker  
  29  4:29  Probe  
  32  4:49  Nexus  
  32  5:00  Stalker  
  34  5:09  Void Ray  
  38  5:24  Photon Cannon  
  38  5:49  Robotics Facility  
  38  5:50  Void Ray  
  38  5:53  Shield Battery  
  38  5:55  Shield Battery  
  42  6:11  Stalker  
  42  6:12  Stalker  
  46  6:33  Probe  
  46  6:37  Assimilator  
  46  6:38  Immortal  
  46  6:39  Assimilator  
  51  6:45  Probe  
  52  6:53  Protoss Air Weapons Level 1  
  52  6:57  Probe  
  52  6:58  Probe  
  54  7:05  Probe  
  54  7:10  Probe  
  52  7:44  Protoss Ground Weapons Level 1  
  52  7:50  Immortal  
  56  7:52  Stalker  
  56  7:53  Stalker x2  
  62  8:04  Pylon  
  62  8:07  Pylon  
  62  8:12  Pylon  
  62  8:22  Void Ray  
  66  8:30  Stalker x3  
  66  8:31  Charge  
  72  8:48  Immortal  
  68  9:31  Stalker x3  
  58  10:05  Stalker x3  
  48  10:10  Photon Cannon x2  
  48  10:12  Gateway  
  48  10:24  Protoss Ground Armor Level 1  
  44  10:31  Observer  
  44  10:32  Pylon  
  45  10:35  Pylon  
  45  10:55  Stalker x2  
  45  10:56  Stalker  
  50  11:09  Stalker  
  53  11:11  Observer  
  51  11:23  Stalker x3  
  57  11:29  Gateway  
  57  11:31  Gateway  
  57  11:36  Forge  
  57  11:42  Observer  
  57  11:43  Probe  
  57  11:46  Probe  
  59  11:51  Probe  
  60  11:54  Probe  
  60  12:01  Probe  
  62  12:04  Probe  
  56  12:13  Probe  
  57  12:16  Stalker  
  57  12:17  Stalker x3  
  57  12:22  Protoss Shields Level 1  
  65  12:42  Nexus  
  65  13:01  Protoss Ground Weapons Level 2  
  65  13:16  Stalker x2  
  65  13:17  Stalker x2  
  65  13:18  Stalker x2  
  77  13:33  Shield Battery  
  77  13:34  Shield Battery  
  77  13:37  Pylon  
  77  13:40  Shield Battery  
  77  13:43  Photon Cannon, Probe  
  77  13:47  Probe  
  78  13:51  Probe  
  78  13:55  Probe  
  69  14:06  Probe  
  69  14:09  Fleet Beacon  
  69  14:14  Probe  
  53  15:06  Stalker x2  
  53  15:07  Stalker x3, Probe  
  59  15:08  Stalker  
  66  15:15  Probe  
  67  15:25  Probe  
  68  15:30  Probe  
  68  15:33  Probe  
  69  15:37  Probe  
  69  15:38  Probe  
  69  15:41  Probe, Observer  
  73  15:49  Probe x2  
  75  15:52  Probe  
  75  15:55  Fleet Beacon  
  77  15:58  Pylon  
  77  16:01  Probe, Assimilator  
  64  16:13  Probe  
  64  16:15  Stalker x4  
  32  16:46  Stalker x2  
  38  16:49  Stalker  
Tags
 
Matchup
PvZ
Replay Pack
10.7.19
Spawn Locations
Cross Positions
Add a new tag
Caveats
  • Supply blocks, unpowered buildings, or Contaminate may cause inaccurate times.
  • Supply counts are checked every 10 seconds.